 Dungeon Crawl Stone Soup version 0.23-a0-14-g8c9a20f (webtiles) character file.

1698 jjfam the Chopper (level 8, -1/73 HPs)
             Began as a Deep Dwarf Fighter on Aug 2, 2018.
             Was an Initiate of Makhleb.
             Killed by divine providence
             ... invoked by an orc priest
              (10 damage)
             ... on level 7 of the Dungeon.
             The game lasted 00:17:40 (5990 turns).

jjfam the Chopper (Deep Dwarf Fighter)              Turns: 5990, Time: 00:17:43

Health: -1/73      AC: 14    Str: 21    XL:     8   Next: 72%
Magic:  7/7        EV:  6    Int:  9    God:    Makhleb [......]
Gold:   288        SH: 10    Dex: 13    Spells: 7/7 levels left

rFire    . . .     SeeInvis .   B - +2 war axe (freeze)
rCold    + . .     Gourm    .   c - +0 shield
rNeg     . . .     Faith    .   A - +0 plate armour
rPois    +         Spirit   .   (no helmet)
rElec    .         Reflect  .   (no cloak)
rCorr    .         Harm     .   (no gloves)
MR       +....                  l - +0 pair of boots
Stlth    ..........             (no amulet)
HPRegen  0.00/turn              q - ring of protection from cold
MPRegen  0.10/turn              w - ring of poison resistance

@: non-regenerating
A: damage resistance, heal wounds, sense surroundings 1, no regeneration
a: Heal Wounds, Renounce Religion


You were on level 7 of the Dungeon.
You worshipped Makhleb.
Makhleb was noncommittal.
You were not hungry.

You visited 2 branches of the dungeon, and saw 8 of its levels.
You also visited: Sewer and Ossuary.

You collected 288 gold pieces.

Inventory:

Hand Weapons
 B - a +2 war axe of freezing (weapon)
Armour
 c - a +0 shield (worn)
 l - a +0 pair of boots (worn)
 A - a +0 plate armour (worn)
Jewellery
 q - a ring of protection from cold (left hand)
 w - a ring of poison resistance (right hand)
Wands
 b - a wand of digging (17)
Scrolls
 a - a scroll of enchant armour {unknown}
 g - a scroll of fog
 k - a scroll of noise {unknown}
 m - 3 scrolls of amnesia
 n - a scroll of teleportation
 y - 2 scrolls of immolation {unknown}
Potions
 d - 2 potions of might
 h - 2 potions of resistance
 i - a potion of invisibility {unknown}
 o - 2 potions of agility {unknown}
 p - 2 potions of mutation {unknown}
 s - 4 potions of flight
 t - 5 potions of heal wounds
 u - 4 potions of curing
 v - 4 potions of lignification {unknown}
 x - 2 potions of haste {unknown}
 z - 2 potions of ambrosia {unknown}
Comestibles
 f - 9 rations


   Skills:
 + Level 4.9 Fighting
 + Level 7.3 Axes
 + Level 6.6 Armour
 - Level 2.8 Dodging
 - Level 0.4 Stealth
 + Level 6.4 Shields


You had 7 spell levels left.
You didn't know any spells.
Your spell library was empty.

Dungeon Overview and Level Annotations

Branches:
Dungeon (7/15)             Temple (1/1) D:4

Altars:
Ashenzari
Dithmenos
Elyvilon
Fedhas
Gozag
Kikubaaqudgha
Makhleb
Nemelex Xobeh
Qazlal
Ru
Sif Muna
Trog
Uskayaw
Vehumet
Wu Jian
Xom
Yredelemnul
Zin
The Shining One

Annotations:
D:3 3 runed doors, exclusion: 3 doors, jjfam's ghost, amateur MiBe


Innate Abilities, Weirdness & Mutations

You are resistant to damage.
You can heal yourself by infusing magical energy.
You passively map a small area around you.
You do not regenerate.


Message History

The orc warrior hits you but does no damage.
The orc hits you but does no damage.
Your shield and plate armour prevent you from hitting the orc.
You closely miss the orc warrior.
The orc priest looks braver for a moment.
The orc warrior hits you but does no damage.
The orc hits you but does no damage.
Your shield and plate armour prevent you from hitting the orc.
You slash the orc warrior! You freeze the orc warrior.
The orc warrior hits you with a mace! The orc hits you but does no damage.
You barely miss the orc. You hit the orc warrior. You freeze the orc warrior.
The orc hits you with a whip. The orc warrior hits you with a mace!
* * * LOW HITPOINT WARNING * * *
You barely miss the orc.
Your plate armour prevents you from hitting the orc warrior.
The orc hits you with a whip. The orc warrior hits you with a mace!
* * * LOW HITPOINT WARNING * * *
The orc priest mumbles some strange prayers to Beogh against you.
Beogh smites you!
You die...

* * #..#### *
* #.....# ,,
#.....# *, *
, , #.###.# *
, ** #.# #.#
, #.# #.# * ,
#.# #.# *
#.#.###o###.#
#...oo@)....#
####.##.###.#
# #[# #.# #.#
#.# , #.# #.#
*#.# #.# * **
#.# #.# #.#
.# ,


You could see an orc warrior, an orc priest and an orc.

Vanquished Creatures
  A troll (D:5)
  An ice beast (D:5)
  An ogre (D:4)
  A bullfrog (D:6)
  A big kobold (Sewer)
  4 killer bees (D:7)
  3 vampire bats (D:5)
  4 wights (D:6)
  2 crimson imps (D:6)
  A centaur zombie (Ossuary)
  A bullfrog zombie (D:5)
  A hound (D:6)
  3 human zombies (Ossuary)
  An orc priest (D:7)
  A bullfrog skeleton (D:6)
  A jelly (D:5)
  2 worker ants
  2 big kobold zombies (Ossuary)
  3 mummies (Ossuary)
  4 gnolls (D:3)
  3 river rats (D:3)
  12 adders
  A shadow imp (D:6)
  An ooze (D:2)
  An adder skeleton (D:7)
  4 worms
  A dart slug (D:2)
  3 leopard geckos
  2 orcs (D:7)
  2 ball pythons (D:1)
  13 bats
  3 giant cockroaches
  4 goblins
  3 hobgoblins
  4 jackals
  4 quokkas
  5 frilled lizards
  2 goblin zombies
  6 kobolds
  A kobold zombie (Ossuary)
  A quokka zombie (D:6)
  14 rats
128 creatures vanquished.

Notes
Turn   | Place    | Note
-------+----------+-------------------------------------------
     0 | D:1      | jjfam the Deep Dwarf Fighter began the quest for the Orb.
     0 | D:1      | Reached XP level 1. HP: 20/20 MP: 1/1
   227 | D:1      | Reached XP level 2. HP: 21/27 MP: 2/2
   296 | D:1      | Found a glowing golden altar of the Shining One.
   811 | D:2      | Reached skill level 3 in Axes
   811 | D:2      | Reached XP level 3. HP: 23/33 MP: 3/3
   998 | D:2      | Reached skill level 1 in Dodging
  1482 | D:2      | Reached XP level 4. HP: 29/42 MP: 4/4
  1593 | D:3      | Reached XP level 5. HP: 32/49 MP: 5/5
  1675 | D:3      | Found a glowing drain.
  1684 | Sewer    | Entered a sewer
  1698 | Sewer    | Reached skill level 4 in Axes
  1797 | Sewer    | Found a white marble altar of Elyvilon.
  2093 | D:3      | Reached XP level 6. HP: 28/56 MP: 6/6
  2165 | D:3      | Found a runed gate.
  2165 | D:3      | Found a runed gate.
  2165 | D:3      | Found a runed gate.
  2171 | D:3      | Noticed jjfam's ghost (amateur MiBe)
  2740 | D:4      | Reached skill level 5 in Axes
  2916 | D:4      | Found a staircase to the Ecumenical Temple.
  2942 | Temple   | Entered the Ecumenical Temple
  3289 | D:4      | Found an opulent altar of Gozag.
  3662 | D:5      | Entered Level 5 of the Dungeon
  3757 | D:5      | Noticed an ice beast
  3830 | D:5      | Found a glowing silver altar of Zin.
  3941 | D:5      | Killed an ice beast
  3995 | D:5      | Reached XP level 7. HP: 45/62 MP: 7/7
  4000 | D:5      | Reached skill level 5 in Armour
  4381 | D:5      | Reached skill level 5 in Shields
  4865 | D:6      | Reached skill level 6 in Axes
  4947 | D:6      | Found a sand-covered staircase.
  4955 | Ossuary  | Entered an ossuary
  5195 | D:6      | Reached XP level 8. HP: 26/72 MP: 7/7
  5259 | D:6      | Noticed a troll
  5282 | D:5      | Killed a troll
  5411 | D:6      | Reached skill level 7 in Axes
  5538 | D:6      | Found a burning altar of Makhleb.
  5543 | D:6      | Became a worshipper of Makhleb the Destroyer
  5990 | D:7      | Killed from afar by an orc priest

Vault maps used:
D:1:      dpeg_arrival_boxorama, minivault_11, hangedman_glass_teeth,
          minivault_23, tso_metal_star
D:3:      lightli_sewer_entry_pipes, gammafunk_ghost_necromancy
D:4:      overflow_temple_1_default, temple_statues, eino_curves_04
D:5:      lemuel_round_altar, first_ration, roderic_batcave
D:6:      lightli_temple_of_fire, enter_ossuary_4, dk_noncrumbling_3
D:7:      lemuel_ratsnest, grunt_dithmenos_shadows
Temple:   compressed_dpeg_circular_temple
Sewer:    sewer_kobolds
Ossuary:  ossuary_crypta

Skill      XL: |  1  2  3  4  5  6  7  8 |
---------------+-------------------------+-----
Axes           | 3 4 5 6 7 |  7.3
Dodging        | 1 2 |  2.8
Fighting       | 3 4 |  4.9
Armour         | 4 5 6 |  6.6
Shields        | 4 5 6 |  6.4
Stealth        | |  0.4

Action                   |  1- 3 |  4- 6 |  7- 9 || total
-------------------------+-------+-------+-------++-------
Melee: War axe           |   146 |   187 |   226 ||   559
 Abil: Heal Wounds       |     1 |     5 |     6 ||    12
  Use: Scroll            |       |     1 |    16 ||    17
  Eat: Chunk             |     2 |     6 |     3 ||    11
       Ration            |       |     1 |     1 ||     2
Armor: Scale mail        |    74 |   109 |    42 ||   225
       Plate armour      |       |       |   133 ||   133
Dodge: Dodged            |    29 |    78 |    92 ||   199
Block: Shield            |    84 |   123 |   152 ||   359

Table legend:
 A = Spawn XP
 B = Non-spawn XP
 C = Spawn XP percentage of total XP
 D = Spawn monster count
 E = Non-spawn monster count
 F = Spawn count percentage of total count
 G = Total turns spent on level
                    A         B        C        D         E        F      G
               +---------+---------+-------+---------+---------+-------+---------
         Total |       0 |    2426 |   0.0 |       0 |     128 |   0.0 |  5990
               +---------+---------+-------+---------+---------+-------+---------
           D:1 |       0 |      31 |   0.0 |       0 |      18 |   0.0 |   794
           D:2 |       0 |      67 |   0.0 |       0 |      18 |   0.0 |   777
           D:3 |       0 |     217 |   0.0 |       0 |      28 |   0.0 |   976
           D:4 |       0 |     169 |   0.0 |       0 |       4 |   0.0 |   742
           D:5 |       0 |     709 |   0.0 |       0 |      17 |   0.0 |  1149
           D:6 |       0 |     544 |   0.0 |       0 |      14 |   0.0 |   762
           D:7 |       0 |     300 |   0.0 |       0 |       8 |   0.0 |   183
         Sewer |       0 |     107 |   0.0 |       0 |      10 |   0.0 |   162
       Ossuary |       0 |     282 |   0.0 |       0 |      11 |   0.0 |   234
               +---------+---------+-------+---------+---------+-------+---------
